 Dungeon Crawl Stone Soup version 0.30-a0-996-ga6910c8ee8 (webtiles) character file.

Game seed: 17826364761603695901

882 jasper the Digger (level 7, -1/58 HPs)
             Began as a Red Draconian Earth Elementalist on Apr 4, 2023.
             Slain by Blork the orc
             ... wielding a +4 flail of protection
              (7 damage)
             ... on level 6 of the Dungeon.
             The game lasted 00:05:14 (3979 turns).

jasper the Digger (DrEE)                            Turns: 3979, Time: 00:05:15

Health: -1/58      AC:  9    Str: 10    XL:     7   Next: 76%
Magic:  6/12       EV: 13    Int: 17    God:
Gold:   157        SH:  0    Dex: 12    Spells: 7/13 levels left

rFire   + . .      SeeInvis .    q - +2 dagger (venom)
rCold   . . .      Faith    .    (no shield)
rNeg    . . .      Spirit   .    (body armour unavailable)
rPois   .          Reflect  .    (helmet restricted)
rElec   .          Rampage  .    o - +0 cloak
rCorr   .                        f - +1 pair of gloves
Will    .....                    (no boots)
Stlth   ++                       (no amulet)
HPRegen 0.29/turn                (no ring)
MPRegen 0.13/turn                (no ring)

@: short of breath
A: breathe fire, AC +6, unfitting armour, fire resistance 1, cold-blooded
a: Breathe Fire


You were on level 6 of the Dungeon.
You visited 1 branch of the dungeon, and saw 6 of its levels.

You collected 260 gold pieces.
You spent 103 gold pieces at shops.

Inventory:

Hand Weapons
 j - a +0 whip of protection
 m - a +3 sling
 q - a +2 dagger of venom (weapon)
 r - a +1 war axe of distortion
Missiles
 p - 2 javelins
Armour
 f - a +1 pair of gloves (worn)
 o - a +0 cloak (worn)
Wands
 v - a wand of roots (8)
Scrolls
 h - 2 scrolls of teleportation
 i - 2 scrolls of enchant armour
 u - a scroll of poison {unknown}
Potions
 a - a potion of magic
 b - a potion of resistance {unknown}
 c - a potion of flight {unknown}
 d - 2 potions of mutation {unknown}
 e - 2 potions of heal wounds {unknown}
 g - 2 potions of lignification {unknown}
 k - 6 potions of curing {unknown}
 l - 2 potions of might {unknown}
 n - a potion of brilliance {unknown}
 s - a potion of berserk rage {unknown}
 t - a potion of attraction {unknown}


   Skills:
 + Level 3.6 Fighting
 + Level 3.7 Dodging
 - Level 1.7 Stealth
 + Level 3.9 Spellcasting
 * Level 4.3 Conjurations
 - Level 1.0 Transmutations
 - Level 5.0 Earth Magic


You had 7 spell levels left.
You knew the following spells:

 Your Spells              Type           Power      Damage    Failure   Level
a - Sandblast             Erth           40%        2d10      1%          1
b - Passwall              Tmut/Erth      10%        N/A       7%          2
c - Stone Arrow           Conj/Erth      38%        3d9       7%          3

Your spell library contained the following spells:

 Spells                   Type           Power      Damage    Failure   Level
 Cigotuvi's Dreadful Rot  Necr/Pois/Air  6%         N/A       24%         2
 Petrify                  Tmut/Erth      13%        N/A       43%         4
 Dispel Undead            Necr           3%         3d7       85%         4
 Death Channel            Necr           1%         N/A       100%        6


Dungeon Overview and Level Annotations

Branches:
Dungeon (7/15)
 Temple: D:4-7

Altars:
Qazlal
Trog

Shops:
D:1 :   D:3 [

Annotations:
D:6 Blork the orc


Innate Abilities, Weirdness & Mutations

You can breathe blasts of fire.
Your fiery red scales are hard. (AC +6)
You cannot fit into any form of body armour.
Your flesh is heat resistant. (rF+)
You are cold-blooded and may be slowed by cold attacks.


Message History

You take 8 damage, and have 33/58 hp.
You closely miss Blork the orc.
Blork the orc is heavily wounded.
Blork the orc casts a spell at you. The magic dart hits you.
You take 5 damage, and have 28/58 hp.
You hit Blork the orc but do no damage.
Blork the orc is poisoned.
Blork the orc is heavily wounded.
Blork the orc closely misses you. Blork the orc casts a spell at you.
The magic dart hits you.
You take 2 damage, and have 26/58 hp.
You hit Blork the orc but do no damage.
Blork the orc is heavily wounded.
Blork the orc hits you with a +4 flail of protection.
You take 3 damage, and have 23/58 hp.
Blork the orc closely misses you. Blork the orc misses you. x2
Aiming: Sandblast (safe; 1% risk of failure)
Press: ? - help, Q - select action, (/) - cycle Shift-Dir - straight line, f/p - Blork the orc
Aim: Blork the orc, wielding a +4 flail of protection and wearing a +0 robe (severely wounded, fast, poisoned, 85% to hit)
The blast of sand hits Blork the orc but does no damage.
Blork the orc is severely wounded.
Blork the orc hits you with a +4 flail of protection.
An orc wizard comes into view. It is wielding a +0 dagger.
Blork the orc points at you and mumbles some strange words.
The puff of flame hits you. You resist.
You take 5 damage, and have 19/58 hp.
You now have 6/12 mp.
Blork the orc attacks as you move away! Blork the orc closely misses you.
The orc wizard shouts!
Blork the orc points at you and mumbles some strange words.
The puff of frost hits you.
* * * LOW HITPOINT WARNING * * *
The orc wizard points at you and mumbles some strange words.
The magic dart hits you!
* * * LOW HITPOINT WARNING * * *
You take 13 damage, and have 6/58 hp.
MASSIVE DAMAGE!!
Blork the orc attacks as you move away!
Blork the orc hits you with a +4 flail of protection!
You die...

o#. ###. .. '.o. #. ##..#
#. ...## #.# ... .. #.#
.#.###. #.######
.....).####o@....#
#!.......####.#
#..#####....#.############
.... #..#........^......
#... #..###.###########.
... #..###.# #.... ..
#......# #.##. # ##.#####
#.##. #....# ######.##.


You could see Blork the orc (fast, poisoned) and an orc wizard.

Vanquished Creatures
  Sigmund (D:3)
  A wyvern (D:6)
  An ogre (D:4)
  A centaur (D:7)
  A scorpion (D:4)
  2 howler monkeys
  2 jellies
  An orc priest (D:4)
  A sleepcap (D:4)
  Natasha (D:3)
  3 adders
  A white imp (D:7)
  A worm (D:3)
  6 dart slugs
  9 orcs
  8 endoplasms
  7 goblins
  8 hobgoblins
  9 jackals
  6 kobolds
  2 quokkas
  4 ball pythons
  11 bats
  5 frilled lizards
  11 rats
103 creatures vanquished.

Notes
Turn   | Place    | Note
-------+----------+-------------------------------------------
     0 | D:1      | jasper the Draconian Earth Elementalist began the quest for
                  | the Orb.
     0 | D:1      | Reached XP level 1. HP: 14/14 MP: 3/3
   197 | D:1      | Reached XP level 2. HP: 17/22 MP: 3/5
   428 | D:1      | Found a faded altar of an unknown god.
   432 | D:1      | Reached skill level 1 in Fighting
   564 | D:1      | Reached XP level 3. HP: 28/28 MP: 3/6
   803 | D:1      | Learned a level 2 spell: Passwall
   807 | D:1      | Learned a level 3 spell: Stone Arrow
   911 | D:1      | Found Nojudghi's Book Boutique.
  1543 | D:2      | Found a stormy altar of Qazlal.
  1817 | D:2      | Reached XP level 4. HP: 35/35 MP: 5/7
  2029 | D:3      | Noticed Sigmund
  2033 | D:3      | Killed Sigmund
  2034 | D:3      | Reached skill level 4 in Earth Magic
  2034 | D:3      | Reached XP level 5. HP: 23/41 MP: 3/9
  2530 | D:3      | Found Fufeeniv's Antique Armour Shop.
  2537 | D:3      | Bought a cloak for 103 gold pieces
  2626 | D:3      | Noticed Natasha
  2632 | D:3      | Killed Natasha
  2633 | D:3      | Reached XP level 6. HP: 48/48 MP: 7/10
  3275 | D:4      | Reached skill level 5 in Earth Magic
  3384 | D:4      | Your scales start taking on a fiery red colour.
  3384 | D:4      | Reached XP level 7. HP: 50/56 MP: 6/12
  3384 | D:4      | Gained mutation: Your flesh is heat resistant. (rF+) [Red
                  | Draconian growth]
  3547 | D:4      | Found a bloodstained altar of Trog.
  3552 | D:4      | You fall into a shaft and drop 3 floors!
  3787 | D:6      | Noticed a wyvern
  3792 | D:6      | Killed a wyvern
  3955 | D:6      | Noticed Blork the orc
  3979 | D:6      | Slain by Blork the orc

Illustrated notes

Levels and vault maps discovered:
D:1:      dpeg_arrival_subterranean_lakeside_camping, layout_basic,
          serial_shops, nicolae_shop_stone,
          hellmonk_ecumenical_altar_pennies_from_heaven,
          minmay_misc_feat_enclosed, minmay_pentomino_t2
D:2:      layout_loops_cross, basic_altar
D:3:      layout_loops_ring, serial_shops, nicolae_shop_crystal, uniq_sigmund,
          uniq_natasha
D:4:      minmay_polygon_palace, layout_loops_ring, trog_three_pillars_becter,
          gup_sewer_entry_spiral, kennysheep_orc_chapel
D:6:      layout_loops_cross, fedhas_altar_4, minmay_temple_entry_junction,
          minmay_a_box_with_orc_wizards_in_it, uniq_blork_the_orc
D:7:      layout_basic, old_standard_altar, old_standard_altar, serial_shops,
          kennysheep_little_box

Skill      XL: |  1  2  3  4  5  6  7 |
---------------+----------------------+-----
Dodging        | 2 3 |  3.7
Fighting       | 1 2 3 |  3.6
Conjurations   | 2 3 4 |  4.3
Earth Magic    | 4 5 |  5.0
Spellcasting   | 3 |  3.9
Stealth        | |  1.7
Transmutations | |  1.0

Action                     |  1- 3 |  4- 6 |  7- 9 || total
---------------------------+-------+-------+-------++-------
  Melee: Unarmed           |    19 |       |       ||    19
         Tailslap          |     2 |       |       ||     2
         Whip              |     5 |       |       ||     5
         Dagger            |       |       |     8 ||     8
   Cast: Sandblast         |    74 |    65 |    34 ||   173
Ability: Breathe Fire      |       |       |     5 ||     5
    Use: Scroll            |       |     5 |       ||     5
 Armour: Skin              |    24 |     8 |    26 ||    58
  Dodge: Dodged            |    32 |    19 |    23 ||    74

Table legend: (Time is in decaauts)
 A = Elapsed time spent in this place.
 B = Non-inter-level travel time spent in this place.
 C = Inter-level travel time spent in this place.
 D = Time resting spent in this place.
 E = Time spent auto-exploring this place.
 F = Levels seen in this place.
 G = Mean time per level.
                   A        B        C        D        E       F      G
               +--------+--------+--------+--------+--------+-----+--------+
         Total |   4069 |   3963 |    106 |    253 |   3049 |   6 |  678.2 |
       Dungeon |   4069 |   3963 |    106 |    253 |   3049 |   6 |  678.2 |
               +--------+--------+--------+--------+--------+-----+--------+

Top non-repeatable levels by time:
     D:1: 1257 daAuts
     D:2: 1002 daAuts
     D:3: 998 daAuts
     D:4: 374 daAuts
     D:6: 229 daAuts
     D:7: 207 daAuts
